 Dungeon Crawl Stone Soup version 0.29.1-12-g30fa7ad0bf (webtiles) character file.

Game seed: 100291508770964158

32 nachturnus the Slasher (level 3, -1/29 HPs)
             Began as a Human Monk on Jan 15, 2023.
             Frozen to death by an endoplasm (4 damage)
             ... on level 2 of the Dungeon.
             The game lasted 00:02:34 (965 turns).

nachturnus the Slasher (Human Monk)                  Turns: 965, Time: 00:02:38

Health: -1/29      AC: 10    Str: 13    XL:     3   Next: 42%
Magic:  3/3        EV:  3    Int: 10    God:
Gold:   62         SH:  0    Dex: 15    Spells: 2/2 levels left

rFire   . . .      SeeInvis .   a - +0 falchion
rCold   . . .      Faith    .   (no shield)
rNeg    . . .      Spirit   .   e - +0 plate armour
rPois   .          Reflect  .   (no helmet)
rElec   .          Harm     .   (no cloak)
rCorr   .          Rampage  .   (no gloves)
Will    .....                   (no boots)
Stlth   ..........              (no amulet)
HPRegen 0.09/turn               (no ring)
MPRegen 0.08/turn               (no ring)

@: brilliant
A: no striking features
a: no special abilities


You were on level 2 of the Dungeon.
You visited 1 branch of the dungeon, and saw 2 of its levels.

You collected 62 gold pieces.

Inventory:

Hand Weapons
 a - a +0 falchion (weapon)
Armour
 b - a +0 robe
 e - a +0 plate armour (worn)
Scrolls
 d - 3 scrolls of identify {unknown}
 f - a scroll of torment {unknown}
 g - a scroll of silence {unknown}
 i - a scroll of teleportation {unknown}
 k - a scroll of blinking {unknown}
Potions
 c - a potion of ambrosia
 j - 2 potions of invisibility {unknown}


   Skills:
 - Level 3.0 Fighting
 + Level 4.3 Long Blades
 - Level 3.0 Dodging
 - Level 2.0 Stealth


You had 2 spell levels left.
You didn't know any spells.
Your spell library was empty.

Dungeon Overview and Level Annotations

Branches:
Dungeon (2/15)

Altars:


Message History

You miss the adder.
The adder is heavily wounded.
You feel sick. The bat hits you but does no damage. x2
The adder completely misses you. The endoplasm freezes you.
You are frozen.
The giant cockroach bites you but does no damage.
The adder bites you but does no damage.
You hit the adder.
You kill the adder!
You feel sick. The bat hits you but does no damage.
The giant cockroach barely misses you. The endoplasm completely misses you.
Your life force feels restored.
You feel sick.
The giant cockroach bites you but does no damage.
The endoplasm hits you but does no damage.
The bat hits you but does no damage. The giant cockroach bites you.
You see here an adder corpse.
The bat attacks as you move away! The bat hits you but does no damage.
You feel sick. The bat hits you but does no damage. The endoplasm freezes you.
You are frozen.
* * * LOW HITPOINT WARNING * * *
The giant cockroach bites you but does no damage.
You closely miss the giant cockroach.
You feel sick.
You are no longer poisoned.
The bat hits you.
* * * LOW HITPOINT WARNING * * *
The endoplasm freezes you.
You are frozen.
* * * LOW HITPOINT WARNING * * *
The giant cockroach bites you but does no damage.
The endoplasm barely misses you.
It was a potion of brilliance.
You feel clever all of a sudden. The bat barely misses you.
The giant cockroach bites you but does no damage.
The endoplasm freezes you.
You are frozen.
You die...

..............
#.#...........
#.#...........
###.#...........
#...............
#.....).........
#......B........
#########.....)†@b.?....
...)........#..J........
###########.#$..........
#.#...........
#.#...........
#.####.....##. #.#
#.....# ... ......#


You could see an endoplasm, a giant cockroach and a bat.

Vanquished Creatures
  An adder (D:2)
  3 ball pythons (D:1)
  2 endoplasms (D:1)
  2 giant cockroaches (D:1)
  2 goblins
  A hobgoblin (D:1)
  4 kobolds
  2 bats (D:1)
  2 frilled lizards (D:1)
  2 rats (D:1)
21 creatures vanquished.

Notes
Turn   | Place    | Note
-------+----------+-------------------------------------------
     0 | D:1      | nachturnus the Human Monk began the quest for the Orb.
     0 | D:1      | Reached XP level 1. HP: 18/18 MP: 1/1
    54 | D:1      | Found a faded altar of an unknown god.
   255 | D:1      | Reached XP level 2. HP: 24/24 MP: 2/2
   846 | D:1      | Reached skill level 4 in Long Blades
   846 | D:1      | Reached XP level 3. HP: 29/29 MP: 3/3
   965 | D:2      | Frozen to death by an endoplasm

Illustrated notes

Levels and vault maps discovered:
D:1:      mrwooster_arrival_statue, layout_basic,
          shapermc_ecumenical_altar_totnotflames, minmay_misc_feat_alley
D:2:      layout_basic

Skill      XL: |  1  2 |
---------------+-------+-----
Long Blades    | 4 |  4.3
Fighting       | |  3.0
Dodging        | |  3.0
Stealth        | |  2.0

Action                   || total
-------------------------++-------
Melee: Falchion          ||    64
  Use: Potion            ||     1
Armor: Plate armour      ||    76
Dodge: Dodged            ||    12
